AoeStats
← Babifort

Arabian Desert

510713645Analyzed
1v1 RM · 22h ago on Oct 2, 2026· 46m 9s· 2 players
Game mode
Random Map
Map size
Tiny (2 player)
Population
200
Speed
Normal
Resources
Standard
Victory
Conquest
Starting age
Dark Age
Ending age
Imperial Age
RankedLock teamsTeams togetherTeam positionsShared explorationLock speedFull tech treeHidden civsTurbo modeCheats
Victory
Defeat
🇫🇷 Malians · France
1523
+14
🇨🇭 Berbers · Switzerland
1482
-14
Yggdrasil
8:36 Feudal Age
8:03 Loom
9:20 Double-Bit Axe
14:39 Horse Collar
20:14 Castle Age
18:54 Forging
19:31 Scale Barding Armor
19:42 Bloodlines
20:10 Scale Barding Armor
21:02 Gold Mining
22:44 Town Watch
25:11 Chain Barding Armor
26:22 Husbandry
29:13 Stone Mining
30:47 Bow Saw
32:45 Wheelbarrow
35:17 Stone Shaft Mining
37:54 Imperial Age
37:36 Iron Casting
36:54 Fletching
37:31 Masonry
37:57 Heavy Camel Rider
40:26 Plate Barding Armor
45:23 Bodkin Arrow
46:37 Blast Furnace
46:59 Hand Cart
Babifort
6:42 Loom
9:14 Feudal Age
9:47 Double-Bit Axe
13:20 Horse Collar
15:47 Scale Mail Armor
20:00 Castle Age
19:31 Forging
21:30 Wheelbarrow
21:40 Iron Casting
24:07 Bloodlines
26:22 Scale Barding Armor
32:22 Hand Cart
33:34 Fletching
34:06 Chain Barding Armor
36:57 Imperial Age
35:03 Heavy Plow
35:43 Husbandry
37:16 Bow Saw
36:57 Heavy Camel Rider
37:42 Farimba
38:40 Light Cavalry
40:17 Plate Barding Armor
46:16 Chemistry
45:27 Masonry
46:32 Crop Rotation
Connection lost

Rejoining the realm…

Still unreachable

The connection could not be restored.

Session expired

The server has moved on; the page needs a fresh start.